 Dungeon Crawl Stone Soup version 0.18-a0-20-gaede791 (webtiles) character file.

280 Ordine the Insei (level 6, -1/55 HPs)
             Began as a Draconian Monk on Nov 2, 2015.
             Slain by an orc
             ... wielding a +0 falchion of holy wrath
              (3 damage)
             ... on level 4 of the Dungeon.
             The game lasted 00:11:54 (4637 turns).

Ordine the Insei (Draconian Monk)                   Turns: 4637, Time: 00:11:54

Health: -1/55      AC:  7    Str: 14      XL:     6   Next: 5%
Magic:  6/6        EV: 13    Int: 13 (15) God:
Gold:   130        SH:  0    Dex: 15      Spells: 0 memorised, 5 levels left

rFire  . . .     SeeInvis .       - Unarmed
rCold  . . .     Clarity  .     (armour unavailable)
rNeg   . . .     SustAt   .     (no shield)
rPois  .         Gourm    .     (helmet restricted)
rElec  .         Spirit   .     d - +0 cloak
rCorr  .         Warding  .     (no gloves)
rMut   .         Stasis   .     (no boots)
MR     .....                    (no amulet)
Stlth  ++........               (no ring)
                                (no ring)

@: brilliant, very slightly contaminated, hasted, very quick, not resistant to
hostile enchantments, unstealthy
A: unfitting armour, cold-blooded, AC +6
a: no special abilities


You were on level 4 of the Dungeon.
You were hungry.

You visited 1 branch of the dungeon, and saw 4 of its levels.

You collected 130 gold pieces.

Inventory:

Hand Weapons
 l - a +0 blowgun
Missiles
 k - 12 poisoned needles
Armour
 d - a +0 cloak (worn)
Scrolls
 f - a scroll of remove curse
 m - a scroll of teleportation
Potions
 i - a potion of magic
 j - a potion of brilliance
Comestibles
 a - 3 bread rations
 c - a beef jerky
 g - 4 fruits
 h - 3 meat rations


   Skills:
 + Level 4.9 Fighting
 - Level 2.6 Dodging
 - Level 1.7 Stealth
 * Level 6.5 Unarmed Combat


You had 5 spell levels left.
You didn't know any spells.

Dungeon Overview and Level Annotations

Branches:
Dungeon (4/15)
 Temple: D:4-7

Altars:
Dithmenos
Elyvilon
Nemelex Xobeh
Okawaru
The Shining One


Innate Abilities, Weirdness & Mutations

Your plain brown scales are hard (AC +6).
Your body does not fit into most forms of armour.
You are cold-blooded and may be slowed by cold attacks.


Message History

Things that are here:
a dagger of speed; a robe; an orc corpse You hit the orc but do no damage.
You hit the orc.
Your tail-slap misses the orc.
The orc is moderately wounded.
The orc hits you with a falchion of holy wrath.
* * * LOW HITPOINT WARNING * * *
You barely miss the orc.
The orc is moderately wounded.
You completely miss the orc.
The orc is moderately wounded.
The orc hits you with a falchion of holy wrath.
* * * LOW HITPOINT WARNING * * *
You hit the orc but do no damage.
The orc is moderately wounded.
The phantom blinks!
You hit the orc but do no damage. You tail-slap the orc.
The orc is almost dead.
The orc hits you with a falchion of holy wrath.
You die...

#.###.# #.#.......# #.#
#.# #[.....##.# #.# #.#
#.#.......# ## #.# #.#
#.##.#....#...
#.###.#####....#.).....#
#......##<..........##.#
...............ยง.......#
################o##..#.#
# #@###.# # #.....#
###### #.###...#
.....####### ### ##
............ ####.######
#.# ####.# .....#


You could see an orc.

Vanquished Creatures
  Ijyb (D:3)
  An orc priest (D:3)
  A worker ant (D:4)
  An iguana (D:4)
  An orc wizard (D:4)
  5 adders
  3 oozes (D:1)
  2 worms
  4 orcs
  3 ball pythons
  11 giant cockroaches
  9 hobgoblins
  4 jackals (D:3)
  8 kobolds
  3 quokkas
  9 bats
  A giant gecko (D:3)
  4 giant newts
  6 goblins
  5 rats
82 creatures vanquished.

Notes
Turn   | Place    | Note
--------------------------------------------------------------
     0 | D:1      | Ordine the Draconian Monk began the quest for the Orb.
     0 | D:1      | Reached XP level 1. HP: 19/19 MP: 1/1
   115 | D:1      | Reached XP level 2. HP: 23/26 MP: 2/2
   466 | D:1      | Found a glowing golden altar of the Shining One.
   798 | D:1      | Reached XP level 3. HP: 31/33 MP: 3/3
  1255 | D:2      | Reached skill level 5 in Unarmed Combat
  1721 | D:2      | Reached XP level 4. HP: 40/40 MP: 4/4
  2195 | D:3      | Noticed Ijyb
  2203 | D:3      | Paralysed by Ijyb for 4 turns
  2212 | D:3      | Paralysed by Ijyb for 3 turns
  2232 | D:3      | Paralysed by Ijyb for 3 turns
  2244 | D:3      | Killed Ijyb
  2814 | D:3      | Reached XP level 5. HP: 40/46 MP: 5/5
  2891 | D:3      | Found an iron altar of Okawaru.
  2891 | D:3      | Found a shadowy altar of Dithmenos.
  2891 | D:3      | Found a white marble altar of Elyvilon.
  3481 | D:3      | Reached skill level 6 in Unarmed Combat
  4243 | D:4      | Found a sparkling altar of Nemelex Xobeh.
  4312 | D:4      | Noticed a phantom
  4630 | D:4      | Reached XP level 6. HP: 7/55 MP: 6/6
  4635 | D:4      | HP: 1/55 [orc/falchion of holy wrath (4)]
  4637 | D:4      | Slain by an orc

Vault maps used:
D:1:      onia_arrival_mini_spirals, dk_noncrumbling_4, dk_noncrumbling_3,
          minmay_liquid_box, tso_metal_star
D:2:      minmay_misc_feat_nine_boxes, minmay_misc_feat_doors, minivault_23
D:3:      gammafunk_temple_overflow_forgotten, uniq_iyjb
D:4:      nemelex_altar_shiori, uniq_eustachio

Action                   |  1- 3 |  4- 6 || total
-------------------------+-------+-------++-------
Melee: Unarmed           |   114 |   236 ||   350
  Use: Scroll            |     5 |     1 ||     6
       Potion            |       |     7 ||     7
 Stab: Sleeping          |     5 |     4 ||     9
  Eat: Chunk             |     2 |     9 ||    11
